[Event "*** Titled Tuesday Blitz"]
[Site "Chess.com"]
[Date "2020.11.03"]
[Round "4"]
[White "ethylalcohol"]
[Black "annamaja"]
[Result "0-1"]
[WhiteElo "2092"]
[BlackElo "2298"]
[TimeControl "180+1"]
[EndTime "10:42:26 PST"]
[Termination "annamaja won on time"]

1. d4 d5 2. Nf3 Nf6 3. Bf4 e6 4. e3 Bd6 5. Bg3 O-O 6. Nbd2 c5 7. Bxd6 Qxd6 8. dxc5 Qxc5 9. c4 Nc6 10. cxd5 Nxd5 11.
Rc1 Qa5 12. Bc4 Bd7 13. O-O Rac8 14. Nb3 Qb6 15. Bxd5 exd5 16. Qxd5 Be6 17. Qc5 Qxc5 18. Nxc5 Bxa2 19. Nxb7 Bd5 20. Nd6 Rb8 21. e4 Be6 22. Rxc6 Rxb2 23. Nd4 Ba2 24. N4f5 g6 25. Ne3 a5 26. Ra6 Rd2 27. Ndc4 Rd4 28. Nxa5 Rxe4 29. Nc6 Be6 30. Rd1 Kg7 31. g3 Rc8 32. Nd4 Bd7 33.
Ra7 Be8 34. Nf1 Kf6 35. Nf3 Re7 36. Rd6+ Re6 37. Rxe6+ Kxe6 38. Nd4+ Kf6 39. Ne3 Rd8 40. Ra6+ Kg7 41. Nf3 Bb5 42. Ra7 Bc6 43. Ne5 Be8 0-1

[Event "*** Titled Tuesday Blitz"]
[Site "Chess.com"]
[Date "2020.11.03"]
[Round "4"]
[White "CaspiIsrael"]
[Black "Chuchofrio1"]
[Result "1-0"]
[WhiteElo "2610"]
[BlackElo "2349"]
[TimeControl "180+1"]
[EndTime "10:42:27 PST"]
[Termination "CaspiIsrael won by checkmate"]

1. e4 e5 2. Nf3 Nc6 3. d4 exd4 4. Nxd4 Qf6 5. Nf3 Bc5 6. Nc3 Ne5 7. Nd5 Nxf3+ 8.
gxf3 Qh4 9. Qe2 Bb6 10. Be3 Qd8 11. Rg1 g6 12. Qd2 Bxe3 13. Qxe3 c6 14. Qd4 f6 15. Ne3 Qa5+ 16. c3 Qe5 17. Qxe5+ fxe5 18. Nc4 d5 19.
exd5 cxd5 20. Nxe5 Nf6 21. O-O-O O-O 22. Bd3 Kg7 23. Bc2 Be6 24. Rge1 Rfe8 25. Rd4 Rad8 26. Kd2 Rd6 27. a4 a5 28. Bd3 Rf8 29. b4 Nh5 30.
bxa5 Nf4 31. Bf1 Bg8 32. Rb4 Rb8 33. Reb1 d4 34. Rxd4 Rxd4+ 35. cxd4 Nd5 36. a6 b6 37. Bc4 Ra8 38. Bxd5 Bxd5 39. Rxb6 h5 40. Ke3 Kh7 41.
Nxg6 Bc4 42. Nf4 Bxa6 43. Nxh5 Bc4 44. Nf6+ Kg7 45. Ne4 Rxa4 46. Rd6 Ra3+ 47. Kf4 Be2 48. Ng5 Ra4 49. h4 Bd3 50. h5 Bb1 51. h6+ Kh8 52. Rd8# 1-0

[Event "*** Titled Tuesday Blitz"]
[Site "Chess.com"]
[Date "2020.11.03"]
[Round "4"]
[White "Sharpchess22"]
[Black "talman67"]
[Result "0-1"]
[WhiteElo "2819"]
[BlackElo "2552"]
[TimeControl "180+1"]
[EndTime "10:42:28 PST"]
[Termination "talman67 won by checkmate"]

1. d4 Nf6 2. Bf4 e6 3. e3 c5 4. Nf3 cxd4 5. exd4 b6 6. Be2 Ba6 7. c4 Bb7 8. Nc3 Be7 9. O-O d6 10. h3 O-O 11. d5 e5 12. Be3 Nbd7 13. a4 a5 14. Rb1 Nc5 15. Nd2 Nfd7 16. b4 axb4 17. Rxb4 f5 18. f4 Bf6 19. Nb5 Qe7 20. Nf3 Rfe8 21. fxe5 Nxe5 22. Bf4 Ng6 23. Bxd6 Qxe2 24. Nc7 Qe3+ 25. Kh1 Nd3 26. Rb3 Nf2+ 27. Rxf2 Qxf2 28. c5 Nh4 29. Qg1 Qxg1+ 30. Kxg1 Nxf3+ 31. gxf3 Re1+ 32. Kg2 Rxa4 33. Rxb6 Re2+ 34. Kf1 Rc2 35. Rb1 Ba6+ 36. Nxa6 Rxa6 37. c6 Kf7 38. Bg3 Ra1 39. Rxa1 Bxa1 40. Ke1 Bf6 41. Bf2 Ke7 42. Bg3 Rc5 43. d6+ Kd8 44. c7+ Kd7 45. Ke2 g5 46. f4 h6 47.
fxg5 hxg5 48. Bf2 Rc2+ 49. Kf3 Be5 50. Be3 Rc3 51. Ke2 Rxe3+ 52. Kxe3 Bxd6 53. Kd3 Bxc7 54. Kd4 Ke6 55. Ke3 Be5 56. Kf3 Kd5 57. Ke3 Bd4+ 58. Kd3 Ke5 59. Ke2 Ke4 60. Kf1 Kf3 61. Ke1 Kg2 62.
Ke2 f4 63. Ke1 f3 64. Kd2 f2 65. Kd3 f1=Q+ 66. Kxd4 Kxh3 67. Ke5 g4 68. Kd6 g3 69. Ke6 g2 70. Kd6 g1=Q 71. Ke6 Qe3+ 72. Kd6 Qd1+ 73. Kc6 Qc3+ 74. Kb5 Qb1+ 75. Ka4 Qca1# 0-1

[Event "*** Titled Tuesday Blitz"]
[Site "Chess.com"]
[Date "2020.11.03"]
[Round "4"]
[White "Olga_Zhuravleva"]
[Black "djano"]
[Result "0-1"]
[WhiteElo "2313"]
[BlackElo "2469"]
[TimeControl "180+1"]
[EndTime "10:42:28 PST"]
[Termination "djano won by resignation"]

1. e4 e5 2. Nf3 Nc6 3. Bc4 Nf6 4. Ng5 d5 5. exd5 Na5 6. Bb5+ c6 7. dxc6 bxc6 8.
Be2 h6 9. Nf3 e4 10. Ne5 Bd6 11.
f4 O-O 12. O-O Qc7 13. Nc3 Nb7 14. h3 Nc5 15. d4 exd3 16. Nxd3 Rd8 17. Qe1 Bf5 18.
Kh1 Re8 19. Qf2 Nce4 20. Nxe4 Nxe4 21. Qf3 c5 22. Ne5 Bxe5 23. fxe5 Qxe5 24. Bf4 Qxb2 25. Bd3 Bg6 26. Rae1 Qd4 27. Be3 Qe5 28. Bf4 Qf5 29. g4 Qd5 30. Kh2 c4 31. Bxe4 Rxe4 32. Rd1 Qe6 33.
Rf2 Re8 34. Rd6 Qe7 35. Rfd2 Kh7 36. Rd7 Re2+ 37. Kg3 Qe6 38. R2d6 Qe4 39. Qxe4 R8xe4 40. Rxa7 Rxc2 41. Rc6 Rc3+ 42. Kg2 Rxf4 43. Rac7 Be4+ 44. Kg1 Rc1+ 45. Kh2 Bxc6 46. Kg3 0-1

[Event "*** Titled Tuesday Blitz"]
[Site "Chess.com"]
[Date "2020.11.03"]
[Round "4"]
[White "ZEN-22"]
[Black "wanyaland"]
[Result "1-0"]
[WhiteElo "2460"]
[BlackElo "2264"]
[TimeControl "180+1"]
[EndTime "10:42:29 PST"]
[Termination "ZEN-22 won on time"]

1. e4 c5 2. d4 cxd4 3. c3 dxc3 4.
Nxc3 e6 5. Nf3 a6 6. a3 Ne7 7. Bg5 Nbc6 8. Bc4 Qc7 9. Ba2 Ng6 10. O-O h6 11. Be3 Be7 12. Rc1 Qb8 13. Nd4 O-O 14.
f4 Nxd4 15. Qxd4 b5 16. f5 Ne5 17. f6 Bxf6 18. Rxf6 gxf6 19. Bxh6 Qa7 20. Qxa7 Rxa7 21. Bxf8 Kxf8 22. Nxb5 axb5 23. Rxc8+ Ke7 24. Rb8 Rc7 25. Rxb5 Rc2 26. h3 Nd3 27. a4 Nxb2 28. a5 Nd3 29.
Bb3 Rc1+ 30. Kh2 Ra1 31. h4 Kf8 32. Bc4 Ne5 33. Be2 Ra2 34. Bf1 Ra3 35. a6 Ng4+ 36. Kg1 Ra1 37. Rb7 Ke7 38. Rb3 Kd6 39. Rg3 f5 40.
exf5 exf5 41. h5 Ke5 42. Rd3 d5 43. g3 d4 44. Rb3 Ne3 45. h6 Rxf1+ 46. Kh2 Ng4+ 47.
Kg2 Rf2+ 48. Kg1 Ra2 49. h7 Ke4 50. h8=Q Ne3 51. Qh1+ Ke5 52. Qc6 1-0

[Event "*** Titled Tuesday Blitz"]
[Site "Chess.com"]
[Date "2020.11.03"]
[Round "4"]
[White "gixfantastix"]
[Black "InitiatingASC"]
[Result "0-1"]
[WhiteElo "2114"]
[BlackElo "2386"]
[TimeControl "180+1"]
[EndTime "10:42:29 PST"]
[Termination "InitiatingASC won on time"]

1. d4 Nf6 2. f4 e6 3. Nf3 c5 4.
e3 b6 5. Bd3 Bb7 6. O-O cxd4 7.
exd4 Be7 8. Qe1 d6 9. Nbd2 Nbd7 10. Qg3 O-O 11. Qh3 Re8 12. Ng5 Nf8 13. c3 Qc7 14. f5 e5 15. Nde4 a6 16. Nxf6+ Bxf6 17. Ne4 Bxe4 18. Bxe4 Rad8 19. d5 b5 20. g4 Qe7 21. Qh5 h6 22. Be3 Nh7 23. a4 b4 24.
c4 Bg5 25. Bxg5 Qxg5 26. Qh3 a5 27. b3 Qd2 28. Rae1 Ng5 29. Qg2 Qc3 30. h4 Nh3+ 31.
Kh2 Nf4 32. Qg3 Qb2+ 33. Rf2 Qd4 34. g5 h5 35. g6 fxg6 36. fxg6 Rf8 37. Bg2 Rf6 38.
Bh3 Rxg6 39. Be6+ Kh8 40. Qf3 Rf8 41. Rg1 Rxg1 42. Qxh5+ Nxh5 43. Rxf8+ Kh7 44. Bf5+ g6 45. Rf7+ Ng7 0-1

[Event "*** Titled Tuesday Blitz"]
[Site "Chess.com"]
[Date "2020.11.03"]
[Round "4"]
[White "giantslayer83"]
[Black "Tashik"]
[Result "1/2-1/2"]
[WhiteElo "2705"]
[BlackElo "2501"]
[TimeControl "180+1"]
[EndTime "10:42:31 PST"]
[Termination "Game drawn by repetition"]

1. d4 Nf6 2. c4 c5 3. Nf3 cxd4 4. Nxd4 e6 5. Nc3 d5 6. cxd5 Nxd5 7. Bd2 Nf6 8. e3 Bd7 9. Be2 Nc6 10. Nf3 Be7 11. O-O O-O 12. a3 a6 13. e4 Qb8 14. Bg5 Rd8 15. Qc1 Ng4 16. Bxe7 Nxe7 17. Qg5 Nf6 18. e5 Nfd5 19. Nxd5 Nxd5 20. Rfd1 h6 21. Qg3 Bb5 22. Bxb5 axb5 23. Nd2 Ra4 24. b4 Ne7 25. Ne4 Ng6 26. Nd6 Ra6 27. f4 Ne7 28. Qf2 Nd5 29. Nxb5 Rc8 30.
Rac1 Rac6 31. Rxc6 Rxc6 32. g3 Qa8 33. Qa7 Qxa7+ 34.
Nxa7 Rc2 35. Nb5 Ra2 36. Rc1 Ne3 37. Rc8+ Kh7 38. Rc7 Kg6 39. Rxb7 Ng4 40. Nd6 Nxh2 41. Nxf7 Nf3+ 42. Kf1 Rd2 43. Nd6 Nh2+ 44. Kg1 Nf3+ 45. Kf1 Nh2+ 46. Ke1 Nf3+ 47. Kf1 1/2-1/2

[Event "*** Titled Tuesday Blitz"]
[Site "Chess.com"]
[Date "2020.11.03"]
[Round "4"]
[White "Tomekas1"]
[Black "novocane"]
[Result "1-0"]
[WhiteElo "2459"]
[BlackElo "2297"]
[TimeControl "180+1"]
[EndTime "10:42:31 PST"]
[Termination "Tomekas1 won on time"]

1. e4 c5 2. Nf3 Nc6 3. d4 cxd4 4. Nxd4 e5 5. Nb5 d6 6. N1c3 a6 7. Na3 Be7 8. Nd5 Nf6 9. Nxe7 Qxe7 10. Bg5 Be6 11.
Nc4 Rd8 12. Nb6 h6 13. Bxf6 Qxf6 14. Bc4 O-O 15. O-O Qg6 16. Bd5 Kh8 17. c3 f5 18.
Bxe6 Qxe6 19. Qd5 Qxd5 20. exd5 Ne7 21. Rac1 Nc8 22. Nc4 g5 23. b4 Kg7 24. Na5 Rf7 25. c4 Rfd7 26. a4 Nb6 27. c5 dxc5 28. bxc5 Nxd5 29.
c6 bxc6 30. Rxc6 Nb4 31. Rb6 Rd4 32. g3 f4 33. Rb1 f3 34. h4 Rd1+ 35. Rxd1 Rxd1+ 36.
Kh2 Nd3 37. hxg5 hxg5 38. g4 Nxf2 39. Kg3 Ne4+ 40. Kxf3 Nc5 41. Nc4 e4+ 42. Ke3 Rd3+ 43. Ke2 Nxa4 44. Rxa6 Nc3+ 45. Ke1 Rd1+ 46. Kf2 Rd4 47. Ne5 Rd2+ 48. Ke3 Re2+ 49. Kd4 Nb5+ 50. Kc4 1-0

[Event "*** Titled Tuesday Blitz"]
[Site "Chess.com"]
[Date "2020.11.03"]
[Round "4"]
[White "Fy_Rakotomaharo"]
[Black "beautroll"]
[Result "1-0"]
[WhiteElo "2629"]
[BlackElo "2403"]
[TimeControl "180+1"]
[EndTime "10:42:34 PST"]
[Termination "Fy_Rakotomaharo won by resignation"]

1. Nf3 Nf6 2. c4 g6 3. b3 Bg7 4. Bb2 O-O 5. g3 c5 6. Bg2 Nc6 7. O-O d6 8. d4 cxd4 9. Nxd4 Bd7 10. Nc3 Rc8 11. Rc1 a6 12. a4 Nxd4 13. Qxd4 Bc6 14.
Qd3 Bxg2 15. Kxg2 Qa5 16. Rc2 Rfe8 17. Rd1 Qh5 18. h3 Nd7 19. Qd5 Qxd5+ 20. Nxd5 Bxb2 21.
Rxb2 a5 22. Nc3 Nc5 23. Nb5 Kg7 24. Kf3 f5 25. Ke3 Kf6 26. f3 Na6 27. Nc3 Kf7 28. g4 fxg4 29. hxg4 Kg7 30. Ne4 Nc5 31. Rd5 Nxe4 32.
Kxe4 b6 33. Rb5 Rc6 34. Rd2 Rec8 35. f4 Rb8 36. Kf3 Rc5 37. Rd5 Rxd5 38. Rxd5 Kf7 39. Rb5 Ke6 40. e4 Kd7 41. f5 g5 42. e5 dxe5 43.
Rxe5 Kd8 44. Re6 Kd7 45. Ke4 h5 46. gxh5 Rh8 47. h6 g4 48. Kf4 Kc7 49. Kxg4 Kb7 50.
Kh5 Kc7 51. Kg6 1-0

[Event "*** Titled Tuesday Blitz"]
[Site "Chess.com"]
[Date "2020.11.03"]
[Round "4"]
[White "Sacbutt"]
[Black "Sokoloco"]
[Result "1-0"]
[WhiteElo "2309"]
[BlackElo "2433"]
[TimeControl "180+1"]
[EndTime "10:42:34 PST"]
[Termination "Sacbutt won by resignation"]

1. d4 d6 2. c4 e5 3. Nf3 e4 4. Nfd2 f5 5. e3 Nf6 6. Nc3 c6 7. f3 d5 8. Qb3 Be7 9. cxd5 cxd5 10. Bb5+ Nc6 11. O-O Qd6 12. fxe4 fxe4 13. Rxf6 gxf6 14.
Qxd5 f5 15. Qxd6 Bxd6 16. d5 a6 17. Ba4 b5 18. Nxb5 axb5 19. Bxb5 Bd7 20. dxc6 Be6 21.
Nc4 Bc5 22. c7+ Ke7 23. b4 Bxc4 24. Bxc4 Bxb4 25. Bb2 Bd6 26. Bxh8 Rxh8 27. a4 Bxc7 28. a5 Ra8 29. a6 Bb6 30. Ra3 f4 31. Kf1 Bxe3 32.
Bd5 Ra7 33. Bxe4 Kd6 34. Ra4 Kc5 35. Ke2 Kb5 36. Ra2 Kb4 37. Bd3 Kb3 38. Ra5 Kb4 39. Rh5 Kc3 40. Rxh7 Ra8 41. Rh6 Rd8 42. Re6 Rxd3 43. Rc6+ Bc5 44. Rxc5+ Kd4 45. Ra5 Ke4 46. a7 f3+ 47. gxf3+ Rxf3 48. Ra6 Kf4 49. Kd2 Re3 50.
Kc2 Re2+ 51. Kd3 Re3+ 52. Kd2 Re8 53. a8=Q 1-0

[Event "*** Titled Tuesday Blitz"]
[Site "Chess.com"]
[Date "2020.11.03"]
[Round "4"]
[White "Rap_woyska"]
[Black "DenLaz"]
[Result "1-0"]
[WhiteElo "2525"]
[BlackElo "2722"]
[TimeControl "180+1"]
[EndTime "10:42:36 PST"]
[Termination "Rap_woyska won by resignation"]

1. c4 c6 2. e4 d5 3. exd5 cxd5 4. d4 Nf6 5. Nc3 e6 6. Nf3 Bb4 7. cxd5 Nxd5 8. Bd2 O-O 9. Bd3 Nc6 10. O-O Be7 11. Re1 Ndb4 12. Be4 Nxd4 13. Be3 Ndc6 14. a3 Na6 15. b4 Nc7 16. Qc2 f5 17. Rad1 Qe8 18. Bd3 Bf6 19. Bc4 Rf7 20. Ne2 Nd5 21.
Bg5 Nb6 22. Bb3 Bd7 23. Nf4 Nd8 24. Qa2 h6 25. Bxf6 Rxf6 26. Rd6 Nc8 27. Rd2 g5 28. Nd5 Rf7 29. Nc7 Qe7 30. Nxa8 Nc6 31. Nc7 Kg7 32.
Nxe6+ Bxe6 33. Rxe6 Qc7 34. Rde2 Rd7 35. Ne5 Nxe5 36. R6xe5 Nd6 37. h3 Ne4 38. Qb2 Kg6 39.
R5xe4 fxe4 40. Re1 Rd3 41. Bc2 Rd2 42. Bxe4+ Kh5 43.
Qxd2 Qc4 44. Qe2+ Qxe2 45. Rxe2 g4 46. Bf5 g3 47. fxg3 Kg5 48. g4 h5 49. Re6 h4 50. Kf2 Kf4 51. Re4+ Kg5 52. Kf3 b5 53.
Re6 1-0

[Event "*** Titled Tuesday Blitz"]
[Site "Chess.com"]
[Date "2020.11.03"]
[Round "4"]
[White "ajdemipopushi"]
[Black "Airquake"]
[Result "0-1"]
[WhiteElo "2387"]
[BlackElo "2611"]
[TimeControl "180+1"]
[EndTime "10:42:36 PST"]
[Termination "Airquake won by resignation"]

1. Nf3 c5 2. g3 Nf6 3. Bg2 e6 4. c4 Be7 5. O-O O-O 6. d4 cxd4 7. Nxd4 Nc6 8. Nc3 d5 9. cxd5 exd5 10. b3 Bg4 11.
Bb2 Rc8 12. h3 Bh5 13. Rc1 Re8 14. Na4 Nxd4 15. Bxd4 Rxc1 16. Qxc1 Bxe2 17. Re1 Bb4 18. Nc3 Bd3 19. Rxe8+ Nxe8 20. Nxd5 Bf8 21. Bxa7 Qa5 22. Qc8 Qe1+ 23. Kh2 Nd6 24. Qd8 Qe5 25. Bc5 g6 26. b4 Kg7 27. Ne3 Be7 28. Qd7 b5 29. Ng4 Qe6 30. Qxe6 fxe6 31. Ne5 Bb1 32. Nc6 Bf8 33. Nd4 Bxa2 34. Nxe6+ Bxe6 35. Bc6 Bc4 36. Bd4+ Kf7 37. Bd5+ Bxd5 38. f4 Bc4 39. g4 Nb7 40. Kg3 Bxb4 41. Be5 Bc5 42. f5 Bd6 43. Kf4 Bxe5+ 44. Kxe5 gxf5 45.
gxf5 b4 46. Kd4 Bb5 47. h4 b3 48. Kc3 Ba4 49. Kb2 Nc5 50. Ka3 Kf6 51. Kb4 Kxf5 52. Kxc5 b2 53. Kd4 b1=Q 0-1

[Event "*** Titled Tuesday Blitz"]
[Site "Chess.com"]
[Date "2020.11.03"]
[Round "4"]
[White "Artyom_ChessMate"]
[Black "saraswathii"]
[Result "0-1"]
[WhiteElo "2567"]
[BlackElo "2386"]
[TimeControl "180+1"]
[EndTime "10:42:38 PST"]
[Termination "saraswathii won on time"]

1. e4 c5 2. Nc3 e6 3. Nge2 Nc6 4. g3 d5 5. exd5 exd5 6. d4 Nf6 7. Bg2 Be6 8. O-O Be7 9. Bg5 O-O 10. dxc5 Bxc5 11. Nf4 d4 12. Ne4 Be7 13. Re1 Nxe4 14. Bxe7 Nxf2 15. Bxd8 Nxd1 16. Raxd1 Raxd8 17. Nxe6 fxe6 18. Rxe6 Nb4 19. Rd2 Nxa2 20. Re7 Rf7 21. Rxb7 Rxb7 22. Bxb7 Kf7 23. Kf2 Ke7 24. Be4 g6 25. h4 Nb4 26.
c3 dxc3 27. Rxd8 Kxd8 28. bxc3 Na2 29. c4 Ke7 30. Ke3 Nc3 31. Bc2 Kd6 32. g4 Kc5 33.
h5 gxh5 34. g5 Kxc4 35. Bxh7 h4 36. Kf3 Kd5 37. g6 Ne4 38. Kf4 h3 39. g7 Nf6 40.
Be4+ Kd4 41. Kf5 Ng8 42. Bf3 h2 43. Kg4 a5 44. Kg3 Ke3 45. Bd1 h1=Q 46. Bf3 Qh6 0-1

[Event "*** Titled Tuesday Blitz"]
[Site "Chess.com"]
[Date "2020.11.03"]
[Round "4"]
[White "Slovak_fighter2000"]
[Black "anon569"]
[Result "0-1"]
[WhiteElo "2494"]
[BlackElo "2263"]
[TimeControl "180+1"]
[EndTime "10:42:38 PST"]
[Termination "anon569 won on time"]

1. d4 Nf6 2. c4 e6 3. Nf3 Bb4+ 4. Bd2 c5 5. g3 Nc6 6. Bxb4 cxb4 7. Bg2 O-O 8. O-O d6 9. a3 bxa3 10. Nxa3 e5 11.
e3 Bg4 12. h3 Bf5 13. Re1 Qc8 14. Kh2 Rd8 15. Rc1 h6 16. Nb5 a6 17. Nc3 Nb4 18.
Bf1 Ne4 19. Nxe4 Bxe4 20. Nd2 Bh7 21. Qb3 a5 22. c5 Qf5 23. Kg1 exd4 24. exd4 dxc5 25.
Rxc5 Qf6 26. Rce5 Nc2 27. Nf3 Nxe1 28. Rxe1 b6 29. Bg2 Rac8 30. Qb5 Bf5 31. Kh2 Rc2 32. Re2 Rxe2 33. Qxe2 Qe6 34. Qb5 Be4 35. Qa6 Qf5 36. Nh4 Qd5 37. Bxe4 Qxe4 38. Qxb6 Qxd4 39. Qxd4 Rxd4 40.
Nf5 Rb4 41. Ne3 Rxb2 42. Nc4 Rxf2+ 43. Kg1 Ra2 44. Nd6 a4 45. Nc8 a3 46. Ne7+ Kf8 47.
Nc8 Rc2 0-1

[Event "*** Titled Tuesday Blitz"]
[Site "Chess.com"]
[Date "2020.11.03"]
[Round "4"]
[White "BilodeauA"]
[Black "cstevens1"]
[Result "1-0"]
[WhiteElo "2888"]
[BlackElo "2675"]
[TimeControl "180+1"]
[EndTime "10:42:39 PST"]
[Termination "BilodeauA won by checkmate"]

1. d4 Nf6 2. Nc3 d5 3. Bf4 c5 4.
e3 cxd4 5. exd4 a6 6. Nf3 Nc6 7. Ne5 Bd7 8. Be2 e6 9. O-O Qb6 10. Nxc6 Bxc6 11. Rb1 Be7 12. Re1 O-O 13. Bd3 Rac8 14.
a4 Qa5 15. Be5 g6 16. Re3 Nd7 17. Bf4 Qd8 18. Rh3 Bf6 19. Bd6 Re8 20. Qg4 Bg7 21.
Re1 e5 22. dxe5 Nxe5 23. Bxe5 Rxe5 24. Rxe5 Bxe5 25. Re3 Bg7 26. Re1 Rc7 27. Ne2 Bxb2 28. c3 Re7 29. Rd1 Ba3 30. h4 Bd6 31. h5 Qd7 32. Qh4 Re5 33. hxg6 hxg6 34. Ng3 Qe7 35. Qg4 Re1+ 36. Rxe1 Qxe1+ 37. Nf1 Qxc3 38. Bxg6 fxg6 39.
Qxg6+ Kf8 40. Qxd6+ Ke8 41. Qe6+ Kd8 42. Ne3 Qe1+ 43.
Kh2 Qxf2 44. Nf5 Qf4+ 45. g3 Qf2+ 46. Kh3 Qf1+ 47. Kh4 Qh1+ 48. Kg5 Bd7 49. Qb6+ Ke8 50. Qe3+ Kd8 51. Qe7+ Kc8 52. Qf8+ Kc7 53. Qd6+ Kc8 54. Qc5+ Kd8 55. Qb6+ Ke8 56. Ng7+ Ke7 57. Qf6# 1-0

[Event "*** Titled Tuesday Blitz"]
[Site "Chess.com"]
[Date "2020.11.03"]
[Round "4"]
[White "ChessLover0108"]
[Black "lolo9292"]
[Result "0-1"]
[WhiteElo "2830"]
[BlackElo "2471"]
[TimeControl "180+1"]
[EndTime "10:42:39 PST"]
[Termination "lolo9292 won by resignation"]

1. Nf3 Nf6 2. d4 g6 3. c4 Bg7 4. Nc3 d6 5. e4 O-O 6. Be2 Na6 7. O-O e5 8. Be3 c6 9. d5 Ng4 10. Bg5 f6 11. Bh4 c5 12. Nd2 Nh6 13. a3 g5 14.
Bg3 f5 15. exf5 Bxf5 16. Nde4 Bg6 17. Bh5 Bf5 18. h3 Bf6 19. f3 Be7 20. b4 cxb4 21.
axb4 Nxb4 22. Qb3 a5 23. c5 Nf7 24. cxd6 Bxd6 25. Bxf7+ Rxf7 26. Nb5 Bxe4 27. Nxd6 Bxd5 28. Nxf7 Bxf7 29. Qc3 Qd4+ 30. Qxd4 exd4 31. Rfd1 Nc6 32. Bf2 Rd8 33. Rab1 Rd7 34. Rb5 h6 35. Rdb1 d3 36.
Rxb7 Rd6 37. Be3 a4 38. R7b6 Bb3 39. Rc1 Bd5 40. Ra6 Re6 41. Kf2 Nb4 42. Rxe6 Bxe6 43. Rc7 a3 44. Ra7 a2 45. Bd2 Nc2 46. Bc3 Bc4 47.
Ra8+ Kf7 48. Ra7+ Ke6 49. g4 a1=Q 50. Bxa1 d2 51. Re7+ Kxe7 0-1

[Event "*** Titled Tuesday Blitz"]
[Site "Chess.com"]
[Date "2020.11.03"]
[Round "4"]
[White "chessmadara"]
[Black "Bacyanide"]
[Result "1/2-1/2"]
[WhiteElo "2216"]
[BlackElo "2410"]
[TimeControl "180+1"]
[EndTime "10:42:39 PST"]
[Termination "Game drawn by repetition"]

1. e4 e5 2. Nf3 Nc6 3. d4 exd4 4. Nxd4 Nf6 5. Nxc6 bxc6 6. e5 Qe7 7. Qe2 Nd5 8.
h4 Qe6 9. g3 Bc5 10. Bh3 Qe7 11. Bg5 f6 12. exf6 Qxe2+ 13. Kxe2 gxf6 14. Bd2 Ba6+ 15. Kf3 O-O-O 16. Re1 Rde8 17. Nc3 Bb7 18. Kg2 Bd4 19.
Rad1 Nxc3 20. Bxc3 c5+ 21. Kg1 Rxe1+ 22. Bxe1 Bc6 23. c3 Be5 24. Bd2 Bd6 25. Be3 Re8 26. Bf5 Re7 27. Kh2 Bf3 28. Rd2 Kb7 29. Bh3 h5 30.
Bg2 Bxg2 31. Kxg2 Kc6 32. Kf3 f5 33. Bf4 Re4 34. Bxd6 cxd6 35. Re2 Ra4 36. a3 d5 37. Re7 d4 38. cxd4 Rxd4 39. Ke3 Rd1 40. Rh7 Rb1 41. Rxh5 Rxb2 42. Rxf5 d5 43. h5 d4+ 44. Kd3 Rb3+ 45. Kd2 c4 46. h6 Rb2+ 47. Kc1 c3 48. h7 Rb8 49. Rh5 Rh8 50. Kc2 Kd6 51. Kd3 Ke6 52. g4 Kf6 53. f4 Kg6 54. f5+ Kg7 55. g5 Rxh7 56. Rxh7+ Kxh7 57. g6+ Kg7 58. Kc2 Kf6 59. Kd3 a5 60. a4 Kg7 61. Kc2 Kf6 62. Kd3 Kg7 63.
Kc2 Kf6 64. Kd3 1/2-1/2

[Event "*** Titled Tuesday Blitz"]
[Site "Chess.com"]
[Date "2020.11.03"]
[Round "4"]
[White "gurelediz"]
[Black "FairChess_on_YouTube"]
[Result "0-1"]
[WhiteElo "2699"]
[BlackElo "2986"]
[TimeControl "180+1"]
[EndTime "10:42:40 PST"]
[Termination "FairChess_on_YouTube won by resignation"]

1. e4 c5 2. Nf3 e6 3. d4 cxd4 4. Nxd4 Nc6 5. Nc3 a6 6. g3 Qc7 7. Bg2 Nf6 8. O-O Nxd4 9. Qxd4 Bc5 10. Bf4 d6 11. Qd2 h6 12. Rad1 e5 13. Be3 Bxe3 14. fxe3 Be6 15. Qxd6 Rc8 16. Qb4 Qc5 17. Qxc5 Rxc5 18.
h3 Ke7 19. Rd2 Rhc8 20. Rff2 Rxc3 21. bxc3 Bxa2 22. Rf1 Rxc3 23. Ra1 Be6 24. Kf2 Nd7 25. g4 Nc5 26. Bf3 b5 27. Ra5 Bc8 28. Ra1 Bb7 29.
Ke2 b4 30. Ra5 Bc6 31. Kf2 Bb5 32. Ra2 Bc4 33. Ra5 Bb5 34. Ra2 f6 35. Bg2 Bc4 36. Ra5 Be6 37. Re2 Bc4 38. Rd2 Nb7 39. Ra1 a5 40. Bf3 Bb5 41. Bd1 Bc6 42. Bf3 Bb5 43. Bd1 Be8 44. Bf3 Bc6 45. Ke2 a4 46. Rb1 Rc4 47.
Ra1 Nc5 48. Kf2 a3 49. Ke2 Bxe4 50. Bxe4 Nxe4 51. Rd3 Rxc2+ 52. Kf3 Nd2+ 53. Ke2 Nb3+ 54. Kd1 Nxa1 0-1

[Event "*** Titled Tuesday Blitz"]
[Site "Chess.com"]
[Date "2020.11.03"]
[Round "4"]
[White "DonBroca"]
[Black "andrzej"]
[Result "0-1"]
[WhiteElo "2092"]
[BlackElo "2383"]
[TimeControl "180+1"]
[EndTime "10:42:40 PST"]
[Termination "andrzej won on time"]

1. e4 c6 2. d4 d5 3. Nc3 dxe4 4. Nxe4 Bf5 5. Ng3 Bg6 6. h4 h6 7.
h5 Bh7 8. Nf3 Nd7 9. Bd3 Bxd3 10.
Qxd3 e6 11. Bf4 Qa5+ 12. Bd2 Bb4 13. c3 Be7 14. c4 Qc7 15. O-O-O Ngf6 16. Kb1 O-O 17. Bc3 Rfd8 18. Qe2 b5 19. cxb5 cxb5 20. Ne5 Nxe5 21. dxe5 Nd5 22. Bd2 Qc4 23. Qxc4 bxc4 24.
Rc1 Rac8 25. Ne4 Nb6 26. Be3 Rd5 27. f4 f5 28. exf6 gxf6 29. Rhd1 Kf7 30. Nc3 Rxh5 31.
Bxb6 axb6 32. Rd7 Rh2 33. Ne4 Rc6 34. Rc2 b5 35. Rb7 b4 36. Rd2 b3 37. axb3 cxb3 38.
Rxb3 Rh1+ 39. Ka2 Ra6+ 40. Ra3 Bxa3 41. bxa3 Re1 42. Nd6+ Kg6 43. g4 f5 44. gxf5+ exf5 45. Rg2+ Kf6 46. Nc4 Rf1 47. Ne5 Rxf4 48. Rg6+ Kxe5 49.
Rxa6 h5 50. Rh6 h4 51. Kb3 Rf3+ 52. Kb4 h3 53. a4 Kf4 0-1

[Event "*** Titled Tuesday Blitz"]
[Site "Chess.com"]
[Date "2020.11.03"]
[Round "4"]
[White "martynkovaelena"]
[Black "Oligan22"]
[Result "0-1"]
[WhiteElo "2273"]
[BlackElo "2397"]
[TimeControl "180+1"]
[EndTime "10:42:40 PST"]
[Termination "Oligan22 won by resignation"]

1. d4 Nf6 2. Nf3 e6 3. g3 b5 4.
Bg2 Bb7 5. O-O c5 6. a4 b4 7. c4 bxc3 8. bxc3 Nc6 9. Ba3 Qa5 10. Qb3 Rb8 11. Qb5 Ba6 12. Qxa5 Nxa5 13. Re1 Ne4 14. Nfd2 Nxd2 15. Nxd2 cxd4 16. Bxf8 Rxf8 17. cxd4 Ke7 18. e4 Rb2 19. Nf3 Rc8 20. d5 Rcc2 21. dxe6 fxe6 22.
Rad1 Rxf2 23. Bh1 Nc6 24. Nd4 Nxd4 25. Rxd4 Rfd2 26. Rd1 Rxd1+ 27. Rxd1 Ra2 28. Bg2 Rxa4 29. Rc1 Rc4 30. Ra1 Rc6 31. e5 Rb6 32. Ra5 d6 33. exd6+ Kxd6 34. Be4 h6 35. Kf2 Kc7 36. h4 Kb8 37.
Ke3 Bb7 38. Bxb7 Kxb7 39. Kf4 a6 40. h5 Kc6 41. g4 Kd6 42. Ke4 Rb4+ 43. Kf3 Rb6 44.
Kf4 Ke7 45. Ra4 Kf6 46. Kg3 Rd6 47. Kf4 e5+ 48. Kf3 Kg5 49. Ra5 Rd3+ 50. Ke4 Rd4+ 51.
Kxe5 Rxg4 52. Rxa6 Kxh5 53. Ra7 g5 54. Kf5 Rf4+ 55. Ke5 Kg4 56. Rh7 h5 57. Rg7 h4 0-1

[Event "*** Titled Tuesday Blitz"]
[Site "Chess.com"]
[Date "2020.11.03"]
[Round "4"]
[White "Oleksandr_Bortnyk"]
[Black "machupichu10"]
[Result "0-1"]
[WhiteElo "2915"]
[BlackElo "2780"]
[TimeControl "180+1"]
[EndTime "10:42:41 PST"]
[Termination "machupichu10 won by checkmate"]

1. e4 c6 2. d4 d5 3. Nc3 dxe4 4. Nxe4 Bf5 5. Ng3 Bg6 6. f4 e6 7. Nf3 Nf6 8. Bc4 Nbd7 9. Qe2 Be7 10. O-O O-O 11. c3 c5 12. Re1 cxd4 13. f5 d3 14. Bxd3 Bc5+ 15. Be3 exf5 16. Bxc5 Nxc5 17. Bxf5 Re8 18.
Qb5 Qc7 19. Nd4 a6 20. Qc4 b5 21. Qf1 Qb6 22. Qf3 b4 23. h4 bxc3 24. bxc3 Bxf5 25. Ngxf5 Nce4 26. g4 Rac8 27. g5 Rxc3 28. Qxc3 Nxc3 29. gxf6 Re6 30. Rac1 g6 31. Kf1 gxf5 32. Nxe6 Qb5+ 33. Kg2 Qc6+ 34. Kh2 fxe6 35. Re3 Qd6+ 36. Rg3+ Kf7 37. Rxc3 Qd2+ 38. Kg1 Kxf6 39. a3 Qe1+ 40. Kg2 Qe2+ 41. Kg1 f4 42. Rgf3 e5 43. Rfd3 Qe1+ 44. Kg2 Qe2+ 45. Kh3 Kf5 46. Rb3 Qg4+ 47. Kh2 Qxh4+ 48. Rh3 Qf2+ 49. Kh1 Qe1+ 50. Kg2 Qe2+ 51. Kg1 Qd1+ 52. Kf2 Qd2+ 53. Kg1 Kg4 54. Rhd3 Qe1+ 55. Kg2 e4 56. Rd8 f3+ 57. Kh2 Qg3+ 58. Kh1 Qg2# 0-1